[Event "44th Chess Olympiad Open 2022"]
[Site "Chennai"]
[Date "2022.08.06"]
[Round "8.64"]
[White "Espirito Santo, Waldyr"]
[Black "Vella, Duncan"]
[Result "1-0"]
[ECO "B22"]
[WhiteElo "1922"]
[BlackElo "1985"]
[Annotator "TA"]
[PlyCount "107"]
[EventDate "2022.07.29"]
[EventType "team-tourn"]
[EventCountry "IND"]
[SourceTitle "playchess.com"]
[Source "ChessBase"]
[SourceQuality "1"]
[WhiteTeam "STP"]
[BlackTeam "Malta"]
[BlackTeamCountry "MLT"]
[TimeControl "40/5400+30:1800+30"]

1. e4 c5 2. c3 Nf6 3. e5 Nd5 4. Nf3 Nc6 5. Bc4 Nb6 6. Bb3 d5 7. exd6 Qxd6 8. d4 cxd4 9. cxd4 Be6 10. O-O Bxb3 11. Qxb3 e6 12. Nc3 Be7 13. Nb5 {[%emt 0:01:53] 13.Rd1 injects fresh life into this line.} Qd8 {[%emt 0:00:16] B22: Sicilian: 2 c3.} 14. Bf4 Nd5 {[%emt 0:00:53] [#] Prevents Nc7+.} (14... Rc8 $15) 15. Bg3 (15. Nc7+ $1 $11 Nxc7 16. Qxb7 Nxd4 17. Nxd4 (17. Bxc7 Qc8 $11) (17. Qxc7 Qxc7 18. Bxc7 Nxf3+ 19. gxf3 Bf6 $15) 17... Qxd4 18. Bxc7 (18. Qxc7 O-O $14)) 15... O-O $15 {[%emt 0:01:46] Black is slightly better.} 16. Nc3 {[%emt 0:02:32] [#]} Nxc3 $146 ({Predecessor:} 16... Na5 17. Qb5 a6 18. Qe2 Nxc3 19. bxc3 Rc8 20. Rfc1 Qd5 21. Rab1 b5 22. Ne5 Bg5 23. f4 Bf6 24. Nd3 Rxc3 {0-1 (24) Estrada,W (1713)-Blandon,L (2280) Medellin 2015}) 17. bxc3 b6 18. Qa4 Rc8 19. Rac1 Bd6 (19... Na5 $15) 20. Bxd6 Qxd6 21. Rfe1 Rc7 22. Qb5 Rfc8 23. Qg5 {[%emt 0:03:58] [#]} (23. Qb2 $17) 23... Na5 (23... h6 $1 $19 24. Qd2 Ne7) 24. Nd2 h6 (24... Rxc3 $2 25. Rxc3 Rxc3 26. Ne4 Qxd4 27. Nxc3 $18) 25. Qe3 Qa3 26. Ne4 Qxa2 27. g4 ({Better is} 27. Qg3) 27... Qd5 $17 28. g5 Nc4 $36 {[%emt 0:02:29][%mdl 2048] Black has strong initiative.} 29. Qg3 hxg5 30. Nxg5 (30. h4 $17) 30... Qf5 $19 31. h4 Rd7 32. Re4 Nd6 33. Rg4 Ne8 34. Nf3 f6 35. Kg2 (35. Rf4 $142 Qh5 36. Re1) 35... Qh5 36. Re1 (36. Rf4 $142) 36... Re7 (36... Rxc3 $2 37. Rxe6 Qf7 38. d5 $19) 37. Re3 a5 38. Ne1 a4 39. Nc2 Qd5+ 40. Kh2 (40. Qf3 $142 Qxf3+ 41. Kxf3) 40... Qh5 $2 (40... Qb3 $19 41. Nb4 a3) 41. f3 $2 (41. Kg2 $1 $11) 41... Rd8 42. Rg6 (42. Nb4 {was called for.}) 42... Kf7 43. Rg4 Qh6 44. Re2 Nd6 {[%emt 0:01:32] White must now prevent ...Nf5.} 45. Ne3 (45. d5 {is a better defense.} e5 46. Rxa4) 45... Ne8 $2 ({Black should play} 45... a3 $19 {...Ra7 is the strong threat.} 46. Ra2 Nf5 47. Nxf5 exf5) 46. f4 $2 (46. Nc2 $1 $11 {and White is okay.}) 46... Nd6 {[%emt 0:03:02] Hoping for ...f5.} 47. Rg2 Rg8 (47... Kf8 $19 {Strongly threatening ...Ne4.} 48. Qe1 a3) 48. Qf3 {[%emt 0:00:00][%mdl 8192] Against Ne4} (48. Rg6 Qh7 49. Kg1 a3 $17) (48. d5 $1 $11 {and White has nothing to worry.}) 48... f5 49. R4g3 Qxh4+ (49... Ne4 $19 50. Nc4 Nxg3 51. Ne5+ Kf6 52. Kxg3 a3) 50. Rh3 $11 Qf6 {[%emt 0:00:39] And now ...Rc7 would win.} 51. Qc6 {[%emt 0:01:48][%csl LRa4,LRb6,LRd6] Inhibits Rc7.} Ne4 (51... Rd8 $1 $11 {and Black stays safe.}) 52. Nc4 $18 {[%emt 0:05:38][%cal Be3c4,Bc4e5,Be5d7][%mdl 32] aiming for Ne5+. Dancing on a razor blade.} Ree8 $2 (52... e5 53. Qd5+ (53. Nxe5+ Rxe5 54. Qxf6+ gxf6 $11) 53... Qe6 54. Nxe5+ Kf8 55. Ng6+ Kf7 56. Ne5+ (56. Nxe7 Kxe7 57. Qb7+ Kf6 $18) 56... Kf8 57. Ng6+ Kf7 58. Ne5+ (58. Nxe7 Kxe7 59. Qb7+ Kf6 $18)) 53. Ne5+ Kf8 54. Nd7+ {[%emt 0:00:13] Weighted Error Value: White=0.56/Black=0.55} 1-0

[Event "44th Chess Olympiad Open 2022"]
[Site "Chennai"]
[Date "2022.08.06"]
[Round "8.64"]
[White "Mizzi, Jack"]
[Black "Lima, Osvaldo Dos Santos"]
[Result "1-0"]
[ECO "E60"]
[WhiteElo "1913"]
[BlackElo "1863"]
[Annotator "TA"]
[PlyCount "65"]
[EventDate "2022.07.29"]
[EventType "team-tourn"]
[EventCountry "IND"]
[SourceTitle "playchess.com"]
[Source "ChessBase"]
[SourceQuality "1"]
[WhiteTeam "Malta"]
[BlackTeam "STP"]
[WhiteTeamCountry "MLT"]
[TimeControl "40/5400+30:1800+30"]

1. d4 Nf6 2. c4 g6 3. g3 Bg7 4. Bg2 d6 5. Nf3 O-O 6. O-O Nc6 7. d5 Ne5 8. Nxe5 dxe5 9. Nc3 Ne8 {[%emt 0:06:03] E60: King's Indian: Unusual lines and Fianchetto Variation without Nc3.} 10. Qb3 Rb8 {[%emt 0:01:43] [#]} 11. c5 $146 ({Predecessor:} 11. Rd1 b6 12. Nb5 a6 13. Na7 Bb7 14. Be3 Nd6 15. Nc6 Bxc6 16. dxc6 Qe8 17. Rac1 {1-0 (48) Tadic,B (2472)-Breckenridge,S (2239) Chess.com INT 2017}) 11... b6 {[%emt 0:01:14] White is slightly better.} 12. c6 {[%emt 0:01:21] White is more active.} Nd6 13. a4 a5 14. Nb5 Ba6 15. Bd2 f5 16. f4 (16. f3 $14) 16... exf4 17. Bxf4 h6 18. Bxd6 (18. h4 $1 $14) 18... exd6 $15 19. e4 Bxb5 20. axb5 Qf6 21. exf5 Qxb2 22. Qxb2 Bxb2 23. Ra4 Rxf5 24. Rxf5 gxf5 $17 {[%emt 0:00:48][%mdl 4096] Endgame KRB-KRB} 25. Bh3 Rf8 26. Rf4 Ra8 (26... Bc1 $17 27. Rc4 Bg5) 27. Ra4 $15 Rf8 ({Black should play} 27... Kf7 $15) 28. Rf4 $17 Be5 29. Rxf5 Ra8 (29... Re8 $17 {And now ...a4 would win.} 30. Bf1 a4) 30. Rxe5 $1 $11 dxe5 31. d6 $1 Ra7 $2 {[%emt 0:00:04][%mdl 8192] [#]} (31... cxd6 $11 32. c7 a4 33. c8=Q+ Rxc8 34. Bxc8 Kf7) 32. Bc8 $1 $18 {[%emt 0:01:01] White threatens d7 and mate.} ({Wrong is} 32. Be6+ $2 Kf8 33. dxc7 Rxc7 $19) 32... Kf8 33. Bb7 {[%emt 0:00:16] Weighted Error Value: White=0.13 (very precise) /Black=0.49} 1-0

[Event "44th Chess Olympiad Open 2022"]
[Site "Chennai"]
[Date "2022.08.06"]
[Round "8.65"]
[White "Lau, Lut Yin Luke"]
[Black "Guillaume, Jude Mirvens"]
[Result "*"]
[WhiteElo "2027"]
[BlackElo "2022"]
[Annotator "TA"]
[PlyCount "35"]
[EventDate "2022.07.29"]
[EventType "team-tourn"]
[EventCountry "IND"]
[SourceTitle "playchess.com"]
[Source "ChessBase"]
[SourceQuality "1"]
[WhiteTeam "Hong Kong"]
[BlackTeam "Haiti"]
[WhiteTeamCountry "HKG"]
[BlackTeamCountry "HAI"]
[TimeControl "40/5400+30:1800+30"]

1. d4 Nf6 2. Nf3 d5 3. g3 Ng8 4. Ng1 Nf6 5. Nf3 Ng8 6. Ng1 Nf6 {[%emt 0:06:45] [#]} (6... c5 $5) {Predecessor:} 7. Bg2 $146 {D00: 1 d4 d5: Unusual lines.} c5 8. c4 cxd4 9. Nf3 dxc4 10. Qxd4 Bd7 11. O-O e6 12. Nc3 Nc6 13. Qxc4 Rc8 14. Qf4 h6 15. Nb5 Nb4 16. Rd1 Nbd5 17. Nd6+ Bxd6 18. Qxd6 {½-½ (59) Rapport,R (2763)-Vidit,S (2727) Wijk aan Zee 2022} *

[Event "44th Chess Olympiad Open 2022"]
[Site "Chennai"]
[Date "2022.08.06"]
[Round "8.65"]
[White "Gabriel, Davidson"]
[Black "Kannappan, Thanneermalai"]
[Result "1-0"]
[ECO "D87"]
[WhiteElo "1915"]
[BlackElo "1699"]
[Annotator "TA"]
[PlyCount "97"]
[EventDate "2022.07.29"]
[EventType "team-tourn"]
[EventCountry "IND"]
[SourceTitle "playchess.com"]
[Source "ChessBase"]
[SourceQuality "1"]
[WhiteTeam "Haiti"]
[BlackTeam "Hong Kong"]
[WhiteTeamCountry "HAI"]
[BlackTeamCountry "HKG"]
[TimeControl "40/5400+30:1800+30"]

1. d4 Nf6 2. c4 g6 3. Nc3 d5 4. cxd5 Nxd5 5. e4 Nxc3 6. bxc3 Bg7 7. Bc4 c5 8. Ne2 Nc6 9. Be3 O-O 10. O-O Bg4 11. f3 Bd7 {[%emt 0:00:14] seems to push 11...Na5 aside.} 12. Qd2 {[%emt 0:02:39] D87: Exchange Grünfeld: Classical Line: Variations without ...cxd4.} Qa5 13. Qb2 b5 14. Bd5 {[%emt 0:03:23] The position is equal.} ({Much worse is} 14. Bxb5 Rfb8 15. a4 cxd4 $17) 14... e6 15. Bxc6 Bxc6 16. dxc5 {[%emt 0:00:10] [#]} Rfd8 $146 (16... b4 $5 ) ({Predecessor:} 16... b4 17. Bd4 bxc3 18. Qxc3 Bxd4+ 19. Qxd4 Bb5 20. Rf2 Rac8 21. Ng3 Rfd8 22. Qe3 Rd3 {½-½ (32) Dietmayer Kraeutler,M (2328)-Dahl,B (2031) Krakow 2018}) 17. Nd4 Be8 18. Bg5 Rdc8 19. Be7 e5 20. Nb3 Qa4 21. Rad1 f6 22. Rf2 Bf7 23. Rfd2 Be6 $2 {[%emt 0:00:33] Against Rd7} (23... a5 $14) 24. Nc1 $2 (24. Rd6 $18 Qc4 25. Na5 Qxc5+ 26. Kh1) 24... Kf7 $11 25. Bd6 Bh6 26. Ne2 Bxd2 27. Rxd2 a5 28. a3 (28. Nc1 $15 {deserves consideration.}) 28... Ra7 29. h4 Rb7 30. Kh2 b4 31. cxb4 axb4 32. axb4 Rxb4 33. Qc1 Rc4 ({Better is} 33... Ra8 $15) 34. Qg1 ({White should play} 34. Qb1 $11) 34... Qb3 (34... Ra8 $5 ) 35. Qa1 {[%emt 0:02:00] Inhibits Ra8.} (35. Qf2 $11 {remains equal.}) 35... Ra4 $17 36. Qc1 {[%emt 0:00:29] [#] Black must now prevent Rb2.} Ra2 {[%emt 0:04:57] Prevents Rb2.} (36... Qe3 $1 $17) 37. Rxa2 $11 Qxa2 38. Qh6 Kg8 39. h5 {[%emt 0:03:28][%cal Od6e7] Strongly threatening Be7!} Bf7 $2 {[%emt 0:03:01][%mdl 8192] [#]} (39... Qxe2 {leads to mate.} 40. hxg6) (39... Qa7 $11) 40. Nc3 $1 $18 Qa7 41. hxg6 $40 {[%emt 0:30:29][%mdl 128] White is out for blood.} (41. c6 $142) 41... Bxg6 $2 (41... hxg6 42. Nd5 Bxd5 43. Qxg6+ (43. exd5 Qg7 $11) 43... Qg7 44. Qxg7+ Kxg7 45. exd5 Kf7) 42. Nd5 {[%emt 0:00:30] Intending Ne7+ and mate.} Kf7 43. Qh4 {[%emt 0:00:00] White mates.} Re8 44. Qxf6+ Kg8 45. Bxe5 Rxe5 46. Qxe5 Qa5 47. c6 Qe1 48. Qf6 Bf7 49. c7 {[%emt 0:00:00] Weighted Error Value: White=0.36/Black=0.59} 1-0

[Event "44th Chess Olympiad Open 2022"]
[Site "Chennai"]
[Date "2022.08.06"]
[Round "8.65"]
[White "Nissinen, Niilo Man"]
[Black "Germinal, Kemly"]
[Result "1-0"]
[ECO "C45"]
[WhiteElo "1693"]
[BlackElo "1997"]
[Annotator "TA"]
[PlyCount "113"]
[EventDate "2022.07.29"]
[EventType "team-tourn"]
[EventCountry "IND"]
[SourceTitle "playchess.com"]
[Source "ChessBase"]
[SourceQuality "1"]
[WhiteTeam "Hong Kong"]
[BlackTeam "Haiti"]
[WhiteTeamCountry "HKG"]
[BlackTeamCountry "HAI"]
[TimeControl "40/5400+30:1800+30"]

1. e4 e5 2. Nf3 Nc6 3. d4 exd4 4. Nxd4 Bc5 5. Nb3 Bb6 6. Nc3 d6 7. Qe2 h6 {[%emt 0:04:42] 7...a5 is becoming the main line. C45: Scotch Game.} 8. Be3 Nf6 9. O-O-O Qe7 {[%emt 0:04:03] White is slightly better.} 10. f3 Be6 {[%emt 0:03:39] [#]} 11. h3 $146 ({Predecessor:} 11. Qd2 Bxe3 12. Qxe3 a5 13. Bb5 O-O 14. a4 Bxb3 15. cxb3 Nb4 16. Kb1 c6 17. Bd3 {½-½ (51) Goryachkina,A (2608)-Mamedjarova,T (2264) Chess.com INT 2021}) 11... Nh5 {[%emt 0:03:56] [#] White must now prevent ...Ng3.} 12. Rg1 Nf4 13. Qd2 Bxe3 14. Qxe3 Qg5 {[%emt 0:01:27][%cal Of4e2] Strongly threatening ...Ne2+!} 15. Re1 {[%emt 0:06:59] Prevents Ne2+. Black should prevent g3.} Ng6 16. g3 Qxe3+ 17. Rxe3 O-O-O 18. Nb5 Rhe8 19. N5d4 Nxd4 20. Nxd4 Bd7 21. Kd2 Re7 22. Bg2 Rde8 23. Rge1 Ne5 {[%emt 0:00:58] ...Nc4+ is the strong threat.} 24. b3 {[%emt 0:01:30] Prevents Nc4+.} g6 25. c4 a5 26. Ne2 f5 ({Better is} 26... g5 $11) 27. Nc3 (27. f4 $5 Nc6 28. Nc3 $14) 27... c6 28. exf5 gxf5 29. f4 Ng6 30. Rxe7 Rxe7 31. Rxe7 Nxe7 $14 {[%emt 0:00:05][%mdl 4096] Endgame KBN-KBN} 32. Bf3 Kd8 33. Ke3 Ke8 34. g4 Kf7 35. g5 hxg5 ({Black should play} 35... Ng6) 36. fxg5 $16 {[%emt 0:00:08] Threatens to win with h4.} Ng6 {[%emt 0:02:34] [#] This move loses the game for Black.} (36... f4+ $16 37. Kxf4 Bxh3) 37. Bh5 $1 $18 f4+ 38. Kf3 Bxh3 $2 (38... b5 39. cxb5 cxb5) 39. Ne4 (39. Ne2 $142 Kg7 40. Bxg6 (40. Nxf4 Nxf4 41. Kxf4 a4 $14) 40... Kxg6 41. Nxf4+ Kxg5 42. Nxh3+ Kg6 43. Ke4) 39... d5 40. cxd5 cxd5 41. Nd6+ Kg7 $2 (41... Ke7) 42. Nxb7 Ne5+ 43. Kxf4 Nd3+ 44. Kg3 Bf5 45. Nxa5 Nc1 46. b4 Nxa2 47. b5 Nc3 48. b6 Ne4+ 49. Kf4 {[%emt 0:00:00] b7 would kill now.} Bc8 50. Bf3 (50. b7 $142 Bxb7 51. Nxb7) 50... Nxg5 51. Kxg5 Kf7 52. Kf4 {[%emt 0:00:00] White mates.} Ba6 53. Ke5 d4 54. Kxd4 Ke6 55. Kc5 Kd7 56. Bg4+ Kd8 57. Kd6 {[%emt 0:00:00] Weighted Error Value: White=0.15 (very precise) /Black=0.52} 1-0

[Event "44th Chess Olympiad Open 2022"]
[Site "Chennai"]
[Date "2022.08.06"]
[Round "8.66"]
[White "Matoewi, Roger"]
[Black "Al Busaidi, Hamood"]
[Result "0-1"]
[ECO "A37"]
[WhiteElo "2015"]
[BlackElo "1743"]
[Annotator "TA"]
[PlyCount "88"]
[EventDate "2022.07.29"]
[EventType "team-tourn"]
[EventCountry "IND"]
[SourceTitle "playchess.com"]
[Source "ChessBase"]
[SourceQuality "1"]
[WhiteTeam "Surinam"]
[BlackTeam "OMA"]
[WhiteTeamCountry "SUR"]
[TimeControl "40/5400+30:1800+30"]

1. Nf3 c5 2. c4 g6 3. g3 Bg7 4. Bg2 Nc6 5. Nc3 e5 6. d3 {[%emt 0:01:21] A37: Symmetrical English vs ...g6: 4 Bg2 Bg7 5 Nf3.} h6 7. h4 d6 8. h5 {[%emt 0:04:29] The position is equal.} g5 $1 {[%emt 0:02:28] [#]} 9. Bd2 $146 ({Predecessor:} 9. a3 f5 10. Rb1 Nf6 11. b4 O-O 12. Bxg5 hxg5 13. h6 Bh8 14. Nxg5 Re8 15. e3 {0-1 (38) Ricardi,P (2504)-Flores,D (2599) Mar del Plata 2012}) 9... Bg4 10. Nd5 Nf6 11. Nxf6+ (11. a3 {looks sharper.} Rb8 12. b4 e4 13. dxe4 Nxe4 14. Rc1) 11... Bxf6 12. Bc3 O-O 13. Qd2 d5 14. Nh2 Be6 (14... Bxh5 15. Bxd5 Bg7 16. O-O-O $14) 15. cxd5 Bxd5 16. Bxd5 Qxd5 17. e4 Qe6 18. Qe2 b5 19. b3 (19. Ng4 b4 20. Nxh6+ Kh7 $17) 19... Bg7 20. Ng4 Nd4 21. Bxd4 exd4 22. f3 {[%emt 0:07:33] [#]} (22. Rc1 $1 $15) 22... f5 (22... c4 $1 $17 {And now ...cxd3 would win.} 23. Rc1 (23. bxc4 bxc4 24. O-O c3 $17) (23. dxc4 $2 d3 $19) 23... c3) 23. Nf2 (23. exf5 $15 Qxf5 24. O-O) 23... c4 $19 24. g4 (24. O-O $17 {is a better defense.}) 24... fxg4 25. Nxg4 Be5 (25... cxb3 26. axb3 Qxb3 27. O-O $17) 26. O-O c3 ({Not} 26... cxb3 27. axb3 a5 28. Rac1 $11) 27. Rac1 (27. a3 $142) 27... a5 28. Rc2 Rae8 29. Qg2 Bf4 30. Re2 Kg7 31. e5 Qf5 32. Re4 Rc8 ({Resist} 32... Bxe5 33. Qe2 $16) 33. Qc2 Rc6 (33... Rfd8 $19 {Hoping for ...Qf7.} 34. a4 b4) 34. Rxd4 $15 Bxe5 {[%emt 0:00:29] Black is more active.} 35. Re4 Bf4 36. d4 $2 (36. Kg2 $15) 36... Rc7 $2 (36... Re6 $19 {aiming for ...Rxe4.} 37. Re2 Rxe2 38. Qxe2 c2) 37. Rfe1 ({Better is} 37. Kg2 $15) 37... Rff7 38. d5 $2 (38. R1e2 $17 {might work better.}) 38... Bd2 $19 39. Rf1 (39. d6 Rcd7 40. Nxh6 Kxh6 41. Re6+ Kg7 42. h6+ Kh7 43. Qxf5+ Rxf5 44. Re7+ Rf7 45. Rxf7+ Rxf7 46. Re7 Rxe7 47. dxe7) 39... Rce7 {[%emt 0:00:40] Strongly threatening ...Rxe4. Black is clearly winning.} 40. Nh2 Be3+ (40... Rxe4 $142 41. fxe4 Be3+ 42. Kg2 {[#]} Qf2+ $3 43. Qxf2 Rxf2+ 44. Rxf2 Bxf2 45. Kxf2 c2) 41. Kg2 Rxe4 42. fxe4 {[%emt 0:00:59] [#]} Qf2+ $3 43. Rxf2 (43. Qxf2 Rxf2+) 43... Rxf2+ 44. Qxf2 Bxf2 {[%emt 0:00:00] Weighted Error Value: White=0.87/Black=0.51} 0-1

[Event "44th Chess Olympiad Open 2022"]
[Site "Chennai"]
[Date "2022.08.06"]
[Round "8.66"]
[White "Giasi, Viresh"]
[Black "Salim Mohammed, Salim Al Amri"]
[Result "1/2-1/2"]
[ECO "B34"]
[WhiteElo "2006"]
[BlackElo "1917"]
[Annotator "TA"]
[PlyCount "125"]
[EventDate "2022.07.29"]
[EventType "team-tourn"]
[EventCountry "IND"]
[SourceTitle "playchess.com"]
[Source "ChessBase"]
[SourceQuality "1"]
[WhiteTeam "Surinam"]
[BlackTeam "OMA"]
[WhiteTeamCountry "SUR"]
[TimeControl "40/5400+30:1800+30"]

1. e4 c5 2. Nf3 Nc6 3. d4 cxd4 4. Nxd4 g6 5. Nxc6 bxc6 6. Qd4 Nf6 7. e5 Ng8 8. Bc4 {[%emt 0:13:47][%cal Oc4f7] B34: Sicilian: Accelerated Dragon with 5 Nc3: sidelines.} Bg7 $1 9. O-O d5 10. Bd3 Qc7 {[%emt 0:03:50] [#]} ({Black should play} 10... Nh6 $11) 11. f4 $146 (11. Re1 $14) ({Predecessor:} 11. Re1 Nh6 12. c4 O-O 13. cxd5 cxd5 14. Qxd5 Be6 15. Qf3 Ng4 16. Bf4 Rfd8 17. Qg3 {1-0 (32) Dannet,M (2190)-Le Roy,B (2075) Paris 1998}) 11... e6 (11... f6 $11) 12. Be3 h5 (12... Nh6 $11 {remains equal.}) 13. b4 {[%emt 0:03:35] White is more active.} Nh6 14. Qc5 (14. Qc3 $14) 14... Bf8 $11 15. Qc3 Nf5 (15... a5 $1 $15 16. bxa5 Rxa5) 16. Bc5 (16. Bxf5 $14 gxf5 17. Nd2) 16... Bxc5+ ({Better is} 16... a5 $1 $11) 17. Qxc5 Qb6 18. Bxf5 Qxc5+ 19. bxc5 gxf5 20. Nd2 $1 Ba6 21. Rf3 Ke7 22. Rb1 Rhb8 (22... Bb5 $14) 23. Rxb8 $16 Rxb8 {[%emt 0:00:42][%mdl 4096] Endgame KRB-KRN} 24. Ra3 Be2 25. Rxa7+ Kf8 26. Nb3 (26. Kf2 $16 Bd1 27. c4) 26... Rb4 $11 27. g3 Rc4 (27... h4 $11) 28. a4 (28. Rc7 $14) 28... Bg4 (28... Bd1 $1 $11) 29. a5 $1 $14 Rxc2 30. a6 (30. h3 $1 $16 Bxh3 31. a6 Rg2+ 32. Kh1) 30... Bh3 $1 31. Rb7 {[%emt 0:02:36] Strongly threatening a7.} Rg2+ 32. Kf1 $1 (32. Kh1 $2 Rf2 33. Nd2 (33. Rb8+ $2 Kg7 $19) 33... Rxd2 $19) 32... Ra2+ 33. Ke1 Rxa6 34. Rb6 Ra3 35. Nd4 Ra1+ 36. Kd2 Ra2+ 37. Kc3 Rxh2 $2 (37... Ra4 $1 $11 {and Black has nothing to worry.}) 38. Nxc6 $2 ({Only move:} 38. Rxc6 $18 Rg2 39. Rc8+ Ke7 40. Nb5 d4+ 41. Kxd4 Rd2+ 42. Kc3) 38... Rg2 $11 39. Rb8+ Kg7 40. Ne7 {[%emt 0:04:55] aiming for Rg8+.} Rxg3+ 41. Kd4 {[%emt 0:30:03] And now Rg8+ would win.} Rf3 42. c6 $2 (42. Rg8+ $11 Kh7 43. c6 Rxf4+ 44. Kc5) 42... Rxf4+ $19 43. Kc5 Rc4+ 44. Kd6 f4 $1 45. c7 {[%emt 0:02:09] [#]} (45. Rb3 {was the only chance.} Bg2 46. Rb8 (46. c7 $2 Rxc7 47. Kxc7 f3 $19)) 45... Rxc7 $3 46. Kxc7 f3 {[%emt 0:00:31] White must now prevent ...f2.} 47. Rb2 Bg2 {[%emt 0:00:55] ...Kh6 is the strong threat.} 48. Kd6 $2 (48. Kd7) 48... h4 $2 (48... Kh6 $19 49. Nc6 h4) 49. Rb4 $1 $11 {[%emt 0:00:04] Threatens to win with Rg4+.} Kh6 (49... f2 $5 50. Rg4+ Kh6 51. Ng8+ Kh7 52. Nf6+ Kh6 53. Ng8+ Kh7 54. Nf6+ Kh6 55. Ng8+ $11) 50. Rxh4+ Kg5 51. Rh7 d4 $2 (51... f2 $11 52. Rg7+ (52. Rxf7 f1=Q $11) 52... Kh5 53. Rxf7 f1=Q 54. Rxf1 Bxf1 55. Nxd5 exd5 56. Kxd5 Kh6) 52. Rg7+ $2 (52. Rxf7 $18 Kg4 53. Kxe6) 52... Kh6 $2 (52... Kh4 $11 53. Rxf7 d3) 53. Rg4 $2 (53. Rxf7 $18 d3 {[#]} 54. Nd5 $1 ) 53... Kh5 {[%emt 0:07:56] The position is equal.} 54. Rxd4 ({Not} 54. Rf4 $2 d3 55. Nc6 d2 $19) 54... f2 55. Rf4 f1=Q 56. Rxf1 Bxf1 {[%emt 0:00:02] KB-KN} 57. Ng8 Kg6 58. Nf6 Bd3 59. Ng8 Bc4 60. Nf6 Kf5 61. Ng8 Kg6 62. Nf6 Bd3 63. Ne8 {[%emt 0:00:08] Weighted Error Value: White=0.61/Black=0.44} 1/2-1/2

[Event "44th Chess Olympiad Open 2022"]
[Site "Chennai"]
[Date "2022.08.06"]
[Round "8.66"]
[White "Al Maashani, Amer"]
[Black "Gajadin, Dewperkash"]
[Result "1-0"]
[ECO "D03"]
[WhiteElo "1947"]
[BlackElo "1990"]
[Annotator "TA"]
[PlyCount "89"]
[EventDate "2022.07.29"]
[EventType "team-tourn"]
[EventCountry "IND"]
[SourceTitle "playchess.com"]
[Source "ChessBase"]
[SourceQuality "1"]
[WhiteTeam "OMA"]
[BlackTeam "Surinam"]
[BlackTeamCountry "SUR"]
[TimeControl "40/5400+30:1800+30"]

1. d4 Nf6 2. Bg5 e6 3. Nd2 d5 4. e3 h6 5. Bh4 Be7 6. Bd3 O-O 7. Ngf3 {[%emt 0:02:44] has lost popularity (7.c3).} Nbd7 8. O-O b6 {[%emt 0:02:06] D03: 1 d4 d5 2 Nf3 Nf6 3 Bg5, including Torre Attack with early ...d5.} 9. Re1 Bb7 10. e4 dxe4 {[%emt 0:00:50] The position is equal.} (10... Nxe4 {is interesting.} 11. Bxe7 Qxe7 12. Nxe4 dxe4 13. Bxe4 c6) 11. Nxe4 Nxe4 {[%emt 0:07:16] [#]} 12. Bxe4 $146 ({Predecessor:} 12. Bxe7 Qxe7 13. Bxe4 Bxe4 14. Rxe4 Nf6 {½-½ (14) Friedel,R (1691)-Riha,P (1787) Kiel 2015}) 12... Bxe4 13. Rxe4 Bxh4 14. Rxh4 Nf6 15. Qe2 Qd5 16. Ne5 Rad8 17. c4 Qd6 18. Re1 c5 19. dxc5 Qxc5 20. b4 Qd6 21. Rh3 Qd2 22. Kf1 Rd4 23. Rd3 Rxd3 24. Nxd3 Qg5 (24... Qc3 $5 ) 25. h3 Rd8 26. Qe3 {[%emt 0:02:25] Against Rd4} Qf5 27. Ne5 Qc2 28. c5 (28. Qb3 $11 Qf5 29. Qf3) 28... bxc5 29. bxc5 Rc8 30. c6 a5 (30... Qxa2 $15 31. Kg1 Nd5) 31. Qa7 $11 Rf8 32. Qxa5 {[%emt 0:01:28] a4 is the strong threat.} Nd5 33. Qa3 (33. Qa7 $14) 33... f6 $2 (33... Rb8 $1 $11 {and Black has nothing to worry.}) 34. Rc1 $36 {[%emt 0:00:45][%mdl 2048] White is really pushing.} Qd2 (34... Qe4 $16 35. Nd3 Rc8) 35. Nf3 Qf4 {[%emt 0:00:33] [#]} 36. g3 $1 Qf5 (36... Qe4 $142 37. Kg2 Rc8) 37. Kg2 Rc8 38. Qd6 {[%emt 0:00:43] Threatens to win with Qd7.} Rc7 (38... Kf7 {might work better.} 39. c7 (39. Qd7+ Ne7 $16) 39... Ne7) 39. Rc5 Ra7 40. Qb8+ {[%emt 0:00:42] White mates.} Kh7 41. Qxa7 Qb1 {[%emt 0:30:33] [#]} 42. Rxd5 $1 exd5 43. c7 Qc1 44. Qb8 d4 45. c8=Q {[%emt 0:00:00] Weighted Error Value: White=0.11 (very precise) /Black=0.42} 1-0